 Dungeon Crawl Stone Soup version 0.29.1-1-gd02db6906a (webtiles) character file.

Game seed: 16716276065465352755

37 Eitelfritz the Gusty (level 3, 0/19 HPs)
             Began as a Tengu Air Elementalist on Sept 18, 2022.
             Slain by a gnoll
             ... wielding a +0 flail
              (9 damage)
             ... on level 2 of the Dungeon.
             The game lasted 00:02:50 (1141 turns).

Eitelfritz the Gusty (Tengu Air Elementalist)       Turns: 1141, Time: 00:02:51

Health: 0/19       AC:  2    Str:  8    XL:     3   Next: 39%
Magic:  0/7        EV: 12    Int: 17    God:
Gold:   69         SH:  0    Dex: 14    Spells: 0/6 levels left

rFire   . . .      SeeInvis .   a - staff of air
rCold   . . .      Faith    .   (no shield)
rNeg    . . .      Spirit   .   c - +0 robe
rPois   .          Reflect  .   (helmet restricted)
rElec   +          Harm     .   (no cloak)
rCorr   .          Rampage  .   (no gloves)
Will    .....                   (boots unavailable)
Stlth   ++........              (no amulet)
HPRegen 0.06/turn               (no ring)
MPRegen 0.10/turn               (no ring)

@: no status effects
A: beak, talons 3
a: no special abilities


You were on level 2 of the Dungeon.
You visited 1 branch of the dungeon, and saw 2 of its levels.

You collected 69 gold pieces.

Inventory:

Armour
 c - a +0 robe (worn)
Magical Staves
 a - a staff of air (weapon)
Scrolls
 d - a scroll of amnesia {unknown}
 e - 4 scrolls of teleportation {unknown}
 f - a scroll of vulnerability {unknown}
 h - 4 scrolls of identify {unknown}
 k - a scroll of poison {unknown}
Potions
 b - a potion of magic
 g - a potion of heal wounds {unknown}
 i - a potion of brilliance {unknown}
 j - a potion of degeneration {unknown}


   Skills:
 + Level 2.5 Dodging
 + Level 2.3 Stealth
 + Level 2.3 Spellcasting
 + Level 1.7 Conjurations
 + Level 4.8 Air Magic


You couldn't memorise any spells.
You knew the following spells:

 Your Spells              Type           Power      Damage    Failure   Level
a - Shock                 Conj/Air       76%        1d7       4%          1
b - Static Discharge      Conj/Air       19%        3-6/arc   8%          2
c - Swiftness             Air            27%        N/A       8%          3

Your spell library contained the following spells:

 Spells                   Type           Power      Damage    Failure   Level
 Airstrike                Air            13%        2d(2-18)  26%         4


Dungeon Overview and Level Annotations

Branches:
Dungeon (2/15)

Altars:


Innate Abilities, Weirdness & Mutations

You have a beak for a mouth.
You have claws for feet.


Message History

Casting: Shock (safe; 5% risk of failure)
Confirm with . or Enter, or press ? or * to list all spells.
Aiming: Shock (safe; 5% risk of failure)
Press: ? - help, Shift-Dir - straight line, f/p - gnoll
Aim: a gnoll, wielding a +0 whip (heavily wounded, 75% to hit)
You feel a surge of power!
The zap hits the gnoll.
The gnoll is lightly wounded.
The zap hits the gnoll.
The gnoll is almost dead.
The gnoll completely misses you. The gnoll attacks as you move away!
The gnoll hits you with a +0 flail. The gnoll misses you.
The gnoll attacks as you move away! The gnoll hits you with a +0 flail!
Casting: Shock (safe; 5% risk of failure)
Confirm with . or Enter, or press ? or * to list all spells.
Aiming: Shock (safe; 5% risk of failure)
Press: ? - help, Shift-Dir - straight line You feel a surge of power!
The zap misses the gnoll.
The zap hits the gnoll.
The gnoll is heavily wounded.
The gnoll closely misses you.
Unknown command.
Casting: Shock (safe; 5% risk of failure)
Confirm with . or Enter, or press ? or * to list all spells.
Aiming: Shock (safe; 5% risk of failure)
Press: ? - help, Shift-Dir - straight line, f - gnoll
Aim: a gnoll, wielding a +0 whip (almost dead, 75% to hit)
You feel a surge of power!
The zap misses the gnoll.
The zap hits the rat.
The rat is heavily wounded.
The zap hits the gnoll.
You kill the gnoll!
The gnoll misses you.
Unknown command.
Casting: Shock (safe; 4% risk of failure)
Confirm with . or Enter, or press ? or * to list all spells.
You don't have enough magic to cast this spell.
Unknown command.
You hit the gnoll but do no damage. Your peck misses the gnoll.
The gnoll is heavily wounded.
The gnoll hits you with a +0 flail!
You die...

#.# #.# #.# #.#
#######.##
.........#
###..###.#
###.....#
#......##
#.##.###.)#####
#.........rg@.#
##.....##.###.##
#.###.........#
.......##.###..#
..#########.#
#..# .
######.###).#
#...........#
#.####.##...#
#.##<).#


You could see a gnoll and a rat.

Vanquished Creatures
  A gnoll (D:2)
  3 endoplasms
  A giant cockroach (D:1)
  A goblin (D:1)
  8 hobgoblins (D:1)
  2 quokkas
  2 ball pythons (D:1)
  A bat (D:1)
  2 frilled lizards (D:1)
  3 kobolds
24 creatures vanquished.

Notes
Turn   | Place    | Note
-------+----------+-------------------------------------------
     0 | D:1      | Eitelfritz the Tengu Air Elementalist began the quest for
                  | the Orb.
     0 | D:1      | Reached XP level 1. HP: 10/10 MP: 4/4
   187 | D:1      | Reached XP level 2. HP: 15/15 MP: 1/6
   991 | D:2      | Reached XP level 3. HP: 19/19 MP: 5/7
  1051 | D:2      | Learned a level 2 spell: Static Discharge
  1055 | D:2      | Learned a level 3 spell: Swiftness
  1141 | D:2      | Slain by a gnoll

Illustrated notes

Levels and vault maps discovered:
D:1:      scummos_arrival_forest, layout_basic, minmay_tetromino_i2
D:2:      layout_loops_ring, minmay_misc_feat_columns

Action                   || total
-------------------------++-------
Melee: Staff             ||     3
       Kick              ||     2
 Cast: Shock             ||    41
Dodge: Dodged            ||     4
